 Dungeon Crawl Stone Soup version 0.22-b1-26-g9dbaab1112 (webtiles) character file.

13557 Kirk the Geomancer (level 12, -3/66 HPs)
             Began as an Octopode Earth Elementalist on Aug 8, 2018.
             Was a Priest of Vehumet.
             Slain by a basilisk (9 damage)
             ... on level 1 of the Lair of Beasts.
             The game lasted 00:51:11 (14622 turns).

Kirk the Geomancer (Octopode Earth Elementalist)   Turns: 14622, Time: 00:51:11

Health: -3/66      AC:  1    Str:  7    XL:     12   Next: 7%
Magic:  19/26      EV:  2    Int: 25    God:    Vehumet [***...]
Gold:   166        SH:  0    Dex: 12    Spells: 14/32 levels left

rFire    . . .     SeeInvis +   o - +1 whip (elec)
rCold    . . .     Gourm    .   (no shield)
rNeg     + + +     Faith    .   (helmet restricted)
rPois    ∞         Spirit   .   m - amulet of Ginisau {Acrobat rElec}
rElec    +         Reflect  .   l - ring of stealth
rCorr    .         Harm     .   G - ring of protection from magic
MR       +....                  (no ring)
Stlth    ++++......             (no ring)
HPRegen  0.21/turn              (no ring)
MPRegen  0.20/turn              (no ring)
                                (no ring)
                                (no ring)

@: petrified
A: almost no armour, stealthy swim, amphibious, 8 rings, constrict 8, camouflage
1, see invisible, clever 1, screaming 1, gelatinous body 1
a: Renounce Religion


You were on level 1 of the Lair of Beasts.
You worshipped Vehumet.
Vehumet was most pleased with you.
You were not hungry.

You visited 3 branches of the dungeon, and saw 14 of its levels.

You collected 596 gold pieces.
You spent 430 gold pieces at shops.

Inventory:

Hand Weapons
 a - a +0 arbalest
 d - a +2 short sword of protection
 o - a +1 whip of electrocution (weapon)
Missiles
 f - 109 bolts
 v - 42 poisoned needles
 y - 135 stones (quivered)
Jewellery
 g - an uncursed ring of ice
 l - a ring of stealth (left tentacle)
 m - the amulet of Ginisau (around mantle) {Acrobat rElec}
   (You found it on level 4 of the Dungeon)

   [amulet of the acrobat]

   It helps you evade while moving and waiting.
   It insulates you from electricity.
 B - an uncursed ring of fire
 G - a ring of protection from magic (right tentacle)
Wands
 b - a wand of digging (10)
 i - a wand of enslavement (9)
 n - a wand of polymorph (11)
 t - a wand of iceblast (4)
 A - a wand of acid (4)
 C - a wand of random effects (19)
 J - a wand of disintegration (17)
Scrolls
 e - 9 scrolls of teleportation
 q - 6 scrolls of magic mapping
 u - 6 scrolls of remove curse
 w - a scroll of identify
 x - a scroll of immolation
 D - 6 scrolls of enchant weapon
 E - 2 scrolls of enchant armour
 K - 2 scrolls of fog
Potions
 h - 4 potions of brilliance
 j - 7 potions of curing
 k - a potion of agility
 p - 6 potions of heal wounds
 r - 3 potions of flight
 s - 4 potions of magic
 z - 5 potions of might
 H - a potion of berserk rage
 I - a potion of haste
Comestibles
 c - 11 rations


   Skills:
 - Level 1.5 Short Blades
 - Level 3.2 Maces & Flails
 - Level 2.0 Dodging
 * Level 3.7 Stealth
 + Level 10.6 Spellcasting
 * Level 10.2 Conjurations
 - Level 0.3 Hexes
 - Level 1.0 Transmutations
 + Level 11.0 Earth Magic


You had 14 spell levels left.
You knew the following spells:

 Your Spells              Type           Power        Failure   Level  Hunger
a - Sandblast             Erth           ######       1%          1    None
b - Passwall              Tmut/Erth      #####...     1%          2    None
c - Stone Arrow           Conj/Erth      ######       1%          3    None
d - Confuse               Hex            ###.....     12%         3    None
e - Lee's Rapid Deconstr  Erth           ######....   1%          5    ####...
f - Petrify               Tmut/Erth      #####...     3%          4    None

Your spell library contained the following spells:

 Spells                   Type           Power        Failure   Level  Hunger
 Apportation              Tloc           ##....       4%          1    None
 Summon Small Mammal      Summ           ##..         4%          1    None
 Animate Skeleton         Necr           N/A          4%          1    None
 Spider Form              Tmut/Pois      ###.......   12%         3    None
 Blade Hands              Tmut           ###.......   63%         5    ####...
 Ice Form                 Ice/Tmut       ###.....     36%         4    None
 Confusing Touch          Hex            ###...       4%          1    None
 Sticks to Snakes         Tmut           ###.....     4%          2    None
 Metabolic Englaciation   Hex/Ice        ##........   77%         5    ####...
 Beastly Appendage        Tmut           ###...       3%          1    None
 Gell's Gravitas          Tloc           ##........   14%         3    None
 Yara's Violent Unravell  Hex/Tmut       ###.......   24%         5    ####...


Dungeon Overview and Level Annotations

Branches:
Dungeon (12/15)            Temple (1/1) D:4            Lair (1/6) D:10
    Orc (0/2) D:9

Altars:
Ashenzari
Cheibriados
Dithmenos
Elyvilon
Fedhas
Hepliaklqana
Kikubaaqudgha
Makhleb
Nemelex Xobeh
Okawaru
Qazlal
Ru
Sif Muna
Uskayaw
Vehumet
Wu Jian
Xom
Yredelemnul
Zin

Shops:
D:5 *:   D:10 ?:*![   D:12 :

Annotations:
D:3 1 runed door
D:6 2 transporters, burekbajo's ghost, novice TrMo
D:8 exclusion: hydra
D:9 Erolcha


Innate Abilities, Weirdness & Mutations

You cannot wear most types of armour.
You are very stealthy in the water. (Stealth+)
You are amphibious.
You can wear up to eight rings at the same time.
You can use your tentacles to constrict eight enemies at once.
Your skin changes colour to match your surroundings (Stealth+).
Your rubbery body absorbs attacks. (AC +1, EV +1)
You have supernaturally acute eyesight. (SInv)
Your mind is acute. (Int +2)
You occasionally shout uncontrollably at your foes.


Message History

The porcupine bites you. The basilisk bites you. The porcupine bites you!
The basilisk bites you! The porcupine bites you!
* * * LOW HITPOINT WARNING * * *
The basilisk barely misses you. The porcupine bites you.
* * * LOW HITPOINT WARNING * * *
The basilisk gazes at you. You resist with almost no effort.
The porcupine barely misses you. The porcupine bites you!
* * * LOW HITPOINT WARNING * * *
The basilisk gazes at you. You resist with almost no effort.
The porcupine bites you.
* * * LOW HITPOINT WARNING * * *
The basilisk gazes at you. You resist with almost no effort.
The porcupine bites you!
* * * LOW HITPOINT WARNING * * *
The basilisk bites you!!
You die...

### ##.## ....####
#.+....########### #
...###[#.........#
#.## ..##
#.'........## ....
..#
###.......P.##..####
#.##
#........Pl....(..
...#
#........@r####...
P.##
#........##F.....
..# #.##.#####
##.##. #.# ###..# #
### ###..## ##
##.#..###### .#
#..........#
.#####..........#
..#.##...<......#


You could see a basilisk, a bullfrog and a porcupine.

Vanquished Creatures
  Harold (D:10)
  Erica (D:8)
  2 unseen horrors
  Pikel (D:5)
  An ugly thing (D:11)
  A spiny frog (Lair:1)
  A kobold demonologist (D:8)
  2 dream sheep (D:8)
  A shadow (D:11)
  9 yaks
  A hungry ghost (D:9)
  Grum (D:9)
  3 wargs (D:10)
  Duvessa (D:4)
  3 sky beasts
  5 orc warriors
  4 slaves (D:4)
  2 ice beasts
  3 necrophages
  10 ogres
  2 phantoms (D:9)
  3 wolves (D:9)
  7 centaurs
  4 big kobolds
  12 bullfrogs
  A water moccasin skeleton (D:7)
  Dowan (D:4)
  A scorpion (D:6)
  24 killer bees
  3 wights (D:10)
  5 howler monkeys (D:9)
  2 bullfrog zombies (D:7)
  6 crimson imps
  A quasit (D:8)
  2 bullfrog skeletons
  A centaur zombie (D:8)
  8 orc priests
  4 hounds
  16 orc wizards
  3 iguanas
  6 worker ants
  A worker ant zombie (D:7)
  12 gnolls
  7 adders
  4 shadow imps
  3 adder zombies
  6 oozes
  An adder skeleton (D:4)
  4 worms (D:3)
  2 dart slugs
  5 leopard geckos
  45 orcs
  8 bats
  3 giant cockroaches
  7 hobgoblins
  A jackal (D:2)
  5 quokkas
  5 frilled lizards
  7 goblins
  A jackal skeleton (D:6)
  A jackal zombie (D:8)
  24 kobolds
  2 leopard gecko skeletons
  A leopard gecko zombie (D:5)
  12 rats
332 creatures vanquished.

Vanquished Creatures (others)
  A plant (D:3)
1 creature vanquished.

Grand Total: 333 creatures vanquished

Notes
Turn   | Place    | Note
-------+----------+-------------------------------------------
     0 | D:1      | Kirk the Octopode Earth Elementalist began the quest for the Orb.
     0 | D:1      | Reached XP level 1. HP: 11/11 MP: 3/3
   133 | D:1      | Reached XP level 2. HP: 17/17 MP: 0/5
   454 | D:1      | Reached XP level 3. HP: 21/21 MP: 1/6
   788 | D:1      | Reached skill level 4 in Earth Magic
  1005 | D:2      | Reached XP level 4. HP: 27/27 MP: 3/8
  1935 | D:3      | Learned a level 2 spell: Passwall
  1939 | D:3      | Learned a level 3 spell: Stone Arrow
  1974 | D:3      | Reached XP level 5. HP: 24/31 MP: 1/10
  2124 | D:3      | Reached skill level 5 in Earth Magic
  2124 | D:3      | Reached XP level 6. HP: 18/36 MP: 0/12
  2155 | D:3      | Found a shimmering altar of Xom.
  2347 | D:3      | Noticed an orc warrior
  2407 | D:3      | Learned a level 3 spell: Confuse
  2431 | D:3      | Killed an orc warrior
  2925 | D:3      | Found an iron altar of Okawaru.
  2926 | D:3      | Found an ancient bone altar of Kikubaaqudgha.
  2927 | D:3      | Found a hazy altar of Hepliaklqana.
  2929 | D:3      | Found a white marble altar of Elyvilon.
  2930 | D:3      | Found a hide-covered altar of Uskayaw.
  2931 | D:3      | Found a deep blue altar of Sif Muna.
  2961 | D:3      | Found a runed door.
  3160 | D:4      | Noticed Duvessa
  3160 | D:4      | Noticed Dowan
  3201 | D:4      | Reached XP level 7. HP: 40/41 MP: 8/14
  3512 | D:4      | Reached skill level 5 in Spellcasting
  3512 | D:4      | Reached skill level 6 in Earth Magic
  3872 | D:4      | Found a stormy altar of Qazlal.
  3874 | D:4      | Got a crude emerald amulet
  3903 | D:4      | Identified the amulet of Ginisau {Acrobat rElec} (You found it on level 4 of the Dungeon)
  3993 | D:4      | Killed Dowan
  4091 | D:4      | Killed Duvessa
  4397 | D:4      | Found a burning altar of Makhleb.
  4437 | D:4      | Found a staircase to the Ecumenical Temple.
  4451 | Temple   | Entered the Ecumenical Temple
  4505 | Temple   | Became a worshipper of Vehumet
  4566 | D:5      | Entered Level 5 of the Dungeon
  4706 | D:5      | Reached skill level 1 in Conjurations
  4710 | D:5      | Noticed Pikel
  5210 | D:5      | Killed Pikel
  5210 | D:5      | Reached skill level 1 in Short Blades
  5210 | D:5      | Reached XP level 8. HP: 42/46 MP: 0/17
  5487 | D:5      | Found Touclytu's General Store.
  6017 | D:5      | Found Ixzionk's Book Emporium.
  6302 | D:6      | Reached skill level 7 in Earth Magic
  6554 | D:5      | Reached XP level 9. HP: 41/51 MP: 11/18
  6840 | D:6      | Reached skill level 5 in Conjurations
  7086 | D:6      | Reached skill level 1 in Maces & Flails
  7209 | D:6      | Found a transporter.
  7212 | D:6      | Noticed burekbajo's ghost (novice TrMo)
  7725 | D:6      | Found a basalt altar of Yredelemnul.
  7740 | D:6      | Reached * piety under Vehumet
  7740 | D:6      | Offered knowledge of Magic Dart by Vehumet.
  7747 | D:6      | Found a transporter.
  8240 | D:7      | Found the +10 dark maul {crush}
  8314 | D:7      | Reached skill level 8 in Earth Magic
  8624 | D:7      | Found a snail-covered altar of Cheibriados.
  8761 | D:7      | Learned a level 5 spell: Lee's Rapid Deconstruction
  8766 | D:7      | Learned a level 4 spell: Petrify
  8835 | D:8      | Noticed Erica
  9130 | D:8      | Killed Erica
  9130 | D:8      | Reached XP level 10. HP: 56/56 MP: 1/22
  9727 | D:8      | Noticed a kobold demonologist
  9734 | D:8      | Killed a kobold demonologist
  9945 | D:8      | Reached skill level 9 in Earth Magic
  9949 | D:8      | Offered knowledge of Sting by Vehumet.
  9998 | D:8      | Noticed a two-headed hydra
 10230 | D:9      | Reached ** piety under Vehumet
 10319 | D:9      | Noticed Erolcha
 10489 | D:9      | Noticed Grum
 10524 | D:9      | Killed Grum
 10619 | D:9      | Found a blossoming altar of Fedhas.
 10659 | D:9      | Reached XP level 11. HP: 61/61 MP: 15/24
 11080 | D:9      | Reached skill level 10 in Earth Magic
 11259 | D:9      | Found a staircase to the Orcish Mines.
 11469 | D:9      | Found a shattered altar of Ashenzari.
 11723 | D:10     | Entered Level 10 of the Dungeon
 11724 | D:10     | Gained mutation: You occasionally shout uncontrollably at your foes. [potion of mutation]
 11724 | D:10     | Gained mutation: Your body sometimes deteriorates upon taking damage. [potion of mutation]
 11724 | D:10     | Gained mutation: You are clumsy. (Dex -2) [potion of mutation]
 11724 | D:10     | Gained mutation: Your mind is acute. (Int +2) [potion of mutation]
 11725 | D:10     | Lost mutation: You are clumsy. (Dex -2) [potion of mutation]
 11725 | D:10     | Lost mutation: Your body sometimes deteriorates upon taking damage. [potion of mutation]
 11725 | D:10     | Lost mutation: Your mind is acute. (Int +2) [potion of mutation]
 11725 | D:10     | Lost mutation: You occasionally shout uncontrollably at your foes. [potion of mutation]
 11725 | D:10     | Gained mutation: You are partially covered in yellow scales. (AC +2) [potion of mutation]
 11725 | D:10     | Gained mutation: You are partially covered in large bone plates. (SH +4) [potion of mutation]
 11726 | D:10     | Lost mutation: You are partially covered in large bone plates. (SH +4) [potion of mutation]
 11726 | D:10     | Lost mutation: You are partially covered in yellow scales. (AC +2) [potion of mutation]
 11726 | D:10     | Gained mutation: You are clumsy. (Dex -2) [potion of mutation]
 11726 | D:10     | Gained mutation: You are dopey. (Int -2) [potion of mutation]
 11726 | D:10     | Gained mutation: Your spells are a little harder to cast, but a little more powerful. [potion of mutation]
 11726 | D:10     | Gained mutation: One of your tentacles bears a spike. [potion of mutation]
 11727 | D:10     | Lost mutation: You are clumsy. (Dex -2) [potion of mutation]
 11727 | D:10     | Lost mutation: Your spells are a little harder to cast, but a little more powerful. [potion of mutation]
 11727 | D:10     | Lost mutation: You are dopey. (Int -2) [potion of mutation]
 11727 | D:10     | Lost mutation: One of your tentacles bears a spike. [potion of mutation]
 11727 | D:10     | Gained mutation: You occasionally shout uncontrollably at your foes. [potion of mutation]
 11727 | D:10     | Gained mutation: Your mind is acute. (Int +2) [potion of mutation]
 11727 | D:10     | Gained mutation: You have supernaturally acute eyesight. (SInv) [potion of mutation]
 11857 | D:10     | Offered knowledge of Static Discharge by Vehumet.
 12018 | D:10     | Found Ysipeh's Distillery.
 12019 | D:10     | Found Sunen's Assorted Antiques.
 12025 | D:10     | Found Hefop's Magic Scroll Shoppe.
 12025 | D:10     | Noticed an unseen horror
 12033 | D:10     | Killed an unseen horror
 12094 | D:10     | Bought a bubbling silvery potion for 32 gold pieces
 12094 | D:10     | Bought a puce potion for 32 gold pieces
 12105 | D:10     | Found Inept's Book Shoppe.
 12106 | D:10     | Found Rathruc's Armour Shoppe.
 12126 | D:10     | Bought a potion of heal wounds for 55 gold pieces
 12126 | D:10     | Bought a potion of magic for 88 gold pieces
 12126 | D:10     | Bought a potion of heal wounds for 55 gold pieces
 12126 | D:10     | Bought a potion of brilliance for 44 gold pieces
 12126 | D:10     | Bought a potion of curing for 33 gold pieces
 12130 | D:10     | Bought a scroll of fog for 26 gold pieces
 12130 | D:10     | Bought a scroll of teleportation for 39 gold pieces
 12130 | D:10     | Bought a scroll of identify for 26 gold pieces
 12248 | D:10     | Reached skill level 10 in Spellcasting
 12364 | D:10     | Found a staircase to the Lair.
 12441 | D:10     | Noticed Harold
 12780 | D:10     | Killed Harold
 12915 | D:11     | Reached *** piety under Vehumet
 13461 | D:11     | Noticed a green ugly thing
 13556 | D:11     | Killed a green ugly thing
 13873 | D:11     | Offered knowledge of Airstrike by Vehumet.
 14192 | D:12     | Found Hiopauc's Book Emporium.
 14289 | D:12     | Reached skill level 10 in Conjurations
 14380 | D:12     | Noticed an unseen horror
 14385 | D:12     | Killed an unseen horror
 14385 | D:12     | Reached skill level 11 in Earth Magic
 14385 | D:12     | Reached XP level 12. HP: 44/66 MP: 18/26
 14478 | Lair:1   | Entered Level 1 of the Lair of Beasts
 14622 | Lair:1   | Slain by a basilisk

Skill      XL: |  1  2  3  4  5  6  7  8  9 10 11 |
---------------+----------------------------------+-----
Earth Magic    | 4 5 6 7 8 9 11 | 11.0
Spellcasting   | 3 4 6 8 9 10 | 10.6
Conjurations   | 3 4 7 8 10 | 10.2
Short Blades   | 1 |  1.5
Maces & Flails | 2 3 |  3.2
Stealth        | 3 |  3.7
Dodging        | |  2.0
Hexes          | |  0.3
Transmutations | |  1.0

Action                   |  1- 3 |  4- 6 |  7- 9 | 10-12 || total
-------------------------+-------+-------+-------+-------++-------
Melee: Dagger            |    10 |    26 |     8 |       ||    44
       Constrict         |     2 |     6 |    25 |    12 ||    45
       Tentacles         |     1 |     4 |    14 |     9 ||    28
       Short sword       |       |       |    16 |       ||    16
       Whip              |       |       |    65 |    76 ||   141
 Cast: Sandblast         |    45 |    76 |    28 |    37 ||   186
       Confuse           |       |     2 |     1 |       ||     3
       Stone Arrow       |       |     1 |   128 |   165 ||   294
       Lee's Rapid Decon |       |       |     2 |    17 ||    19
       Petrify           |       |       |       |     5 ||     5
Evoke: Wand              |       |       |     6 |     6 ||    12
  Use: Scroll            |     3 |     6 |     9 |     9 ||    27
       Potion            |       |     1 |     2 |     4 ||     7
 Stab: Sleeping          |     3 |     6 |     5 |     4 ||    18
       Distracted        |       |       |     1 |       ||     1
  Eat: Chunk             |       |     7 |     6 |    13 ||    26
       Ration            |       |       |     5 |     2 ||     7
Armor: Skin              |       |     2 |     2 |     7 ||    11
Dodge: Dodged            |     8 |    27 |   125 |   102 ||   262
